 Dungeon Crawl Stone Soup version 0.31-a0-851-g7ff8af7976 (webtiles) character file.

Game seed: 796587861143183983

26 Nedwor the Cutter (level 2, 0/22 HPs)
             Began as a Demonspawn Gladiator on Oct 7, 2023.
             Slain by Terence
             ... wielding a +0 flail
              (3 damage)
             ... on level 2 of the Dungeon.
             The game lasted 00:01:17 (1205 turns).

Nedwor the Cutter (Demonspawn Gladiator)            Turns: 1205, Time: 00:01:18

Health: 0/22       AC: 11    Str: 14    XL:     2   Next: 89%
Magic:  2/2        EV:  4    Int:  9    God:
Gold:   17         SH:  0    Dex: 14    Spells: 1/1 levels left

rFire   . . .        a - +0 rapier
rCold   . . .        (no shield)
rNeg    . . .        h - +0 plate armour
rPois   .            c - +0 helmet
rElec   .            (no cloak)
rCorr   .            (no gloves)
SInv    .            (no boots)
Will    .....        (no amulet) Stlth
                     (no ring)
HPRegen 0.23/turn    (no ring)
MPRegen 0.08/turn

%: no passive effects
@: no status effects
A: foul stench 1
a: no special abilities


You were on level 2 of the Dungeon.
You visited 1 branch of the dungeon, and saw 2 of its levels.

You collected 17 gold pieces.

Inventory:

Hand Weapons
 a - a +0 rapier (weapon)
Missiles
 d - 3 throwing nets (quivered)
 e - a javelin
Armour
 c - a +0 helmet (worn)
 h - a +0 plate armour (worn)
Scrolls
 f - a scroll of noise {unknown}
 g - a scroll of poison {unknown}
 j - a scroll of fear {unknown}
Potions
 b - a potion of brilliance {unknown}
 i - a potion of lignification {unknown}


   Skills:
 + Level 2.3 Fighting
 * Level 3.1 Short Blades
 - Level 1.7 Throwing
 + Level 0.9 Armour
 + Level 2.9 Dodging


You had one spell level left.
You didn't know any spells.
Your spell library contained the following spells:

 Spells                   Type           Power      Damage    Failure   Level
 Summon Guardian Golem    Hex/Summ       0%         N/A       100%        3
 Orb of Destruction       Conj           0%         9d5       100%        7
 Spellforged Servitor     Conj/Summ      0%         N/A       100%        7


Dungeon Overview and Level Annotations

Branches:
Dungeon (2/15)

Altars:

Shops:
D:1 ?   D:2 *

Annotations:
D:2 Terence


Innate Abilities, Weirdness & Mutations

You may rarely emit foul miasma when damaged in melee.


Message History

You hit Terence.
Terence is moderately wounded.
Terence hits you with a +0 flail.
You barely miss Terence.
Terence is moderately wounded.
Terence hits you with a +0 flail. Terence barely misses you.
You are too injured to fight recklessly!
You are too injured to fight recklessly!
There are monsters nearby!
There are monsters nearby!
You hit Terence but do no damage.
Terence is moderately wounded.
Terence hits you with a +0 flail.
You barely miss Terence.
Terence is moderately wounded.
Terence barely misses you.
You barely miss Terence.
Terence is moderately wounded.
Terence hits you but does no damage.
You barely miss Terence.
Terence is moderately wounded.
Terence hits you but does no damage.
You hit Terence but do no damage.
Terence is moderately wounded.
Terence hits you but does no damage.
You hit Terence.
Terence is moderately wounded.
Terence hits you with a +0 flail.
* * * LOW HITPOINT WARNING * * *
You barely miss Terence.
Terence is moderately wounded.
Terence hits you but does no damage.
You hit Terence but do no damage.
Terence is moderately wounded.
Terence hits you but does no damage.
You hit Terence but do no damage.
Terence is moderately wounded.
Terence says, "Don't bother to defend, it's useless."
Terence hits you with a +0 flail.
You die...

#############
####...........#
#....#######.#.#
#..........#.#.#
#..#..#####.#.#.#
#.###@# #.#.####
#. #@# #......# #
#r# #..###.#
#.#######.## #.#
#.........# #.#
#.#####.### #.#
... ##.######.#
##. #.......#.##
#.#####....##


You could see Terence and a rat.

Vanquished Creatures
  A dart slug (D:1)
  4 ball pythons
  3 endoplasms
  2 goblins
  A hobgoblin (D:2)
  2 kobolds
  3 quokkas (D:1)
  A bat (D:1)
  2 frilled lizards (D:1)
  4 rats
23 creatures vanquished.

Notes
Turn   | Place    | Note
-------+----------+-------------------------------------------
     0 | D:1      | Nedwor the Demonspawn Gladiator began the quest for the
                  | Orb.
     0 | D:1      | Reached XP level 1. HP: 16/16 MP: 1/1
   585 | D:1      | Gained mutation: You may rarely emit foul miasma when
                  | damaged in melee. [demonic ancestry]
   585 | D:1      | Reached XP level 2. HP: 16/22 MP: 2/2
   628 | D:1      | Reached skill level 3 in Short Blades
   770 | D:1      | Found Syfasoes's Magic Scroll Shop.
  1120 | D:2      | Found Icwiwkil's General Store.
  1185 | D:2      | Noticed Terence
  1205 | D:2      | Slain by Terence

Illustrated notes

Levels and vault maps discovered:
D:1:      elethiomel_arrival_maze, layout_basic, serial_shops, shop
D:2:      layout_loops_ring, serial_shops, nicolae_shop_rolled_up, shop,
          uniq_terence

Skill      XL: |  1  2 |
---------------+-------+-----
Short Blades   | 3 |  3.1
Fighting       | |  2.3
Throwing       | |  1.7
Armour         | |  0.9
Dodging        | |  2.9

Action                     || total
---------------------------++-------
  Melee: Rapier            ||    92
 Armour: Leather armour    ||    23
         Plate armour      ||    54
  Dodge: Dodged            ||    26

Table legend: (Time is in decaauts)
 A = Elapsed time spent in this place.
 B = Non-inter-level travel time spent in this place.
 C = Inter-level travel time spent in this place.
 D = Time resting spent in this place.
 E = Time spent auto-exploring this place.
 F = Levels seen in this place.
 G = Mean time per level.
                   A        B        C        D        E       F      G
               +--------+--------+--------+--------+--------+-----+--------+
         Total |   1210 |   1173 |     37 |    150 |    839 |   2 |  605.0 |
       Dungeon |   1210 |   1173 |     37 |    150 |    839 |   2 |  605.0 |
               +--------+--------+--------+--------+--------+-----+--------+

Top non-repeatable levels by time:
     D:1: 1081 daAuts
     D:2: 128 daAuts
